 Dungeon Crawl Stone Soup version 0.21-a0-143-g1ab7d47 (webtiles) character file.

231 drasked the Shield-Bearer (level 6, 0/39 HPs)
             Began as a Gargoyle Fighter on July 26, 2017.
             Slain by a bat (1 damage)
             ... summoned by Eustachio
             ... on level 5 of the Dungeon.
             The game lasted 00:04:00 (3284 turns).

drasked the Shield-Bearer (Gargoyle Fighter)        Turns: 3284, Time: 00:04:01

Health: 0/39       AC: 15    Str: 27    XL:     6   Next: 4%
Magic:  6/6        EV:  6    Int:  8    God:
Gold:   134        SH: 10    Dex:  9    Spells: 5/5 levels left

rFire    . . .     SeeInvis .   a - +0 flail
rCold    . . .     Gourm    .   c - +0 shield
rNeg     + . .     Faith    .   D - +0 chain mail
rPois    ∞         Spirit   .   u - +0 helmet
rElec    +         Reflect  .   (no cloak)
rCorr    .         Harm     .   (no gloves)
MR       .....                  (no boots)
Stlth    ..........             (no amulet)
HPRegen  0.13/turn              (no ring)
MPRegen  0.10/turn              (no ring)

@: mighty
A: negative energy resistance 1, electricity resistance, unbreathing,
petrification resistance, rot immunity, AC +4
a: no special abilities


You were on level 5 of the Dungeon.
You were very hungry.

You visited 1 branch of the dungeon, and saw 5 of its levels.

You collected 134 gold pieces.

Inventory:

Hand Weapons
 a - a +0 flail (weapon)
Armour
 c - a +0 shield (worn)
 u - a +0 helmet (worn)
   (You found it on level 2 of the Dungeon)
 D - a +0 chain mail (worn)
   (You found it on level 5 of the Dungeon)
Jewellery
 z - an uncursed ring of protection from fire {unknown}
   (You found it on level 3 of the Dungeon)
 C - an uncursed ring of see invisible {unknown}
   (You found it on level 4 of the Dungeon)
Wands
 y - a wand of confusion (24/48)
   (You found it on level 3 of the Dungeon)
Scrolls
 e - 2 scrolls of fog {unknown}
 g - 5 scrolls of teleportation {unknown}
 h - 2 scrolls of blinking {unknown}
 j - 2 scrolls of amnesia {unknown}
 k - a scroll of enchant armour {unknown}
 l - a scroll of magic mapping {unknown}
 m - 6 scrolls of remove curse {unknown}
 n - a scroll of recharging {unknown}
 p - 6 scrolls of identify {unknown}
 t - a scroll of enchant weapon {unknown}
Potions
 i - a potion of degeneration {unknown}
 q - 2 potions of berserk rage {unknown}
 r - a potion of haste {unknown}
 v - 2 potions of magic {unknown}
 w - a potion of lignification {unknown}
 x - a potion of curing {unknown}
 A - a potion of invisibility {unknown}
 B - a potion of heal wounds {unknown}
Comestibles
 f - 4 bread rations {@e1}
 o - 3 fruits
 s - 4 meat rations {@e2}


   Skills:
 + Level 4.4 Fighting
 + Level 3.5 Maces & Flails
 + Level 4.3 Armour
 + Level 4.8 Shields


You had 5 spell levels left.
You didn't know any spells.

Dungeon Overview and Level Annotations

Branches:
Dungeon (5/15)
 Temple: D:4-7

Altars:
Cheibriados
Elyvilon
Xom

Annotations:
D:5 Eustachio


Innate Abilities, Weirdness & Mutations

You are resistant to torment.
Your stone body is resilient. (AC +4)
You are immune to poison.
You resist negative energy. (rN+)
You are resistant to electric shocks. (rElec)
You can survive without breathing.
You are immune to petrification.
You are immune to rotting.


Message History

Eustachio mumbles some strange words.
The iron imp hits you but does no damage.
You block the ufetubus's attack. The ufetubus hits you.
You block the bat's attack.
You take 2 damage, and have 26/39 hp.
You closely miss the bat.
The ufetubus disappears in a puff of smoke!
The bat disappears in a puff of smoke!
You block the bat's attack. x2
The bat hits you but does no damage.
The iron imp hits you but does no damage.
The river rat bites you but does no damage.
You closely miss Eustachio. You block the bat's attack.
The bat hits you but does no damage. You block the bat's attack.
Eustachio hits you but does no damage. You block the river rat's attack.
You block the iron imp's attack.
Eustachio says, "Summoning is fun!"
Eustachio hits you but does no damage. The bat hits you but does no damage.
You closely miss Eustachio.
The iron imp disappears in a puff of smoke!
You block the bat's attack. The bat hits you but does no damage.
The river rat bites you. The bat closely misses you.
You block the bat's attack. Eustachio hits you with a rapier.
You take 5 damage, and have 22/39 hp.
You closely miss Eustachio. You block the bat's attack.
The bat hits you but does no damage. x2
The river rat bites you but does no damage.
Eustachio closely misses you. You block the bat's attack.
The river rat bites you.
You take 1 damage, and have 21/39 hp.
You hit Eustachio. The bat hits you but does no damage. x2
You block Eustachio's attack.
The river rat bites you but does no damage.
The bat hits you but does no damage.
You completely miss Eustachio. The bat hits you but does no damage. x3
The bat barely misses you. Eustachio hits you but does no damage.
The river rat bites you but does no damage.
The bat hits you but does no damage. x2; Eustachio hits you with a rapier.
You miss Eustachio. The bat hits you but does no damage.
You block the bat's attack. x3
The river rat bites you but does no damage.
The river rat barely misses you. Eustachio hits you with a rapier.
You take 6 damage, and have 15/39 hp.
You closely miss Eustachio. You block the bat's attack.
The bat hits you but does no damage. The bat barely misses you. x2
You block the river rat's attack. The bat hits you but does no damage.
Eustachio casts a spell.
You hit Eustachio. The bat hits you but does no damage. x2
The river rat bites you but does no damage.
Eustachio hits you but does no damage. You block the bat's attack.
You closely miss Eustachio. You block the bat's attack. x2
The bat hits you but does no damage.
The river rat bites you but does no damage.
Eustachio hits you but does no damage.
The crimson imp hits you but does no damage.
The river rat bites you but does no damage.
You closely miss Eustachio. The bat barely misses you. x2
Eustachio hits you but does no damage. The crimson imp barely misses you.
The bat hits you but does no damage. The river rat bites you.
* * * LOW HITPOINT WARNING * * *
The crimson imp barely misses you.
You take 6 damage, and have 9/39 hp.
Your shield and chain mail prevent you from hitting Eustachio.
You block the bat's attack. The bat barely misses you.
You block the bat's attack.
Eustachio calls on the powers of shadow!
Eustachio hits you but does no damage. The bat barely misses you.
You block the river rat's attack. The bat barely misses you.
The crimson imp hits you but does no damage.
Eustachio brags, "I can call spirits from the vasty deep."
Eustachio hits you but does no damage.
You hit Eustachio. The bat hits you but does no damage. x3
The river rat bites you but does no damage.
You block the crimson imp's attack.
Eustachio casts a spell.
You block the bat's attack.
You sock Eustachio! You block the bat's attack. The bat barely misses you.
The bat hits you but does no damage.
The river rat bites you but does no damage.
The crimson imp hits you but does no damage.
Eustachio hits you with a rapier.
* * * LOW HITPOINT WARNING * * *
The bat hits you but does no damage. The river rat bites you.
* * * LOW HITPOINT WARNING * * *
You take 4 damage, and have 6/39 hp.
You closely miss Eustachio.
The crimson imp disappears in a puff of smoke!
You block the bat's attack. The bat barely misses you.
The bat hits you but does no damage. x4; Eustachio hits you but does no damage.
The river rat bites you but does no damage.
You block the bat's attack.
You closely miss Eustachio. You block the bat's attack. x2
The bat completely misses you. The bat hits you but does no damage.
Eustachio hits you but does no damage. You block the ufetubus's attack.
The ufetubus hits you but does no damage.
The river rat bites you.
* * * LOW HITPOINT WARNING * * *
You take 5 damage, and have 1/39 hp.
You feel very mighty all of a sudden. The bat closely misses you.
The bat hits you.
You die...

#.. #.# #.# #.#
#.# #####
..#####.#
#..b######.
........#
#b55r......
..###...####5@@#
.............b##
...##.#..######
..<##.#..#
.........#
.#.##.#..# ###
#.##.#..# #..
.........######.#
#.............#.#


You could see Eustachio, a quasit, a river rat, 2 ufetubi and 3 bats.

Vanquished Creatures
  2 scorpions
  A hound (D:5)
  An adder (D:2)
  A shadow imp (D:5)
  2 oozes
  An adder zombie (D:5)
  3 worms
  2 dart slugs (D:1)
  2 leopard geckos
  3 orcs
  5 giant cockroaches
  5 goblins
  5 hobgoblins
  8 jackals
  3 quokkas
  2 ball pythons
  6 bats
  3 frilled lizards
  7 kobolds
  A leopard gecko skeleton (D:4)
  3 rats
66 creatures vanquished.

Notes
Turn   | Place    | Note
-------+----------+-------------------------------------------
     0 | D:1      | drasked the Gargoyle Fighter began the quest for the Orb.
     0 | D:1      | Reached XP level 1. HP: 14/14 MP: 1/1
    61 | D:1      | Reached XP level 2. HP: 18/19 MP: 2/2
   317 | D:1      | Reached XP level 3. HP: 23/23 MP: 3/3
   867 | D:2      | Reached skill level 4 in Shields
  1075 | D:2      | Reached XP level 4. HP: 28/28 MP: 4/4
  1367 | D:3      | Found a shimmering altar of Xom.
  1500 | D:3      | Found a snail-covered altar of Cheibriados.
  2285 | D:4      | HP: 6/29 [scorpion (2)]
  2286 | D:4      | HP: 2/29 [scorpion (4)]
  2287 | D:4      | Reached skill level 4 in Fighting
  2287 | D:4      | Reached skill level 3 in Maces & Flails
  2287 | D:4      | Reached skill level 4 in Armour
  2287 | D:4      | Reached XP level 5. HP: 2/33 MP: 5/5
  2863 | D:5      | Entered Level 5 of the Dungeon
  3096 | D:5      | Found a white marble altar of Elyvilon.
  3245 | D:5      | Noticed Eustachio
  3251 | D:5      | Reached XP level 6. HP: 39/39 MP: 6/6
  3278 | D:5      | HP: 9/39 [river rat[Eustachio] (6)]
  3283 | D:5      | HP: 1/39 [river rat[Eustachio] (5)]
  3284 | D:5      | Slain by a bat

Vault maps used:
D:1:      minmay_arrival_three_doors
D:2:      first_bread
D:3:      marbit_many_paths, nicolae_overflow_crystal_walls,
          kennysheep_generic_room_9
D:4:      kennysheep_generic_room_7
D:5:      elyvilon_altar_4, uniq_eustachio

Skill      XL: |  1  2  3  4 |
---------------+-------------+-----
Shields        | 4 |  4.8
Fighting       | 4 |  4.4
Maces & Flails | 3 |  3.5
Armour         | 4 |  4.3

Action                   |  1- 3 |  4- 6 || total
-------------------------+-------+-------++-------
Melee: Flail             |   114 |   196 ||   310
  Use: Potion            |       |     1 ||     1
  Eat: Chunk             |       |     6 ||     6
       Fruit             |       |     1 ||     1
Armor: Scale mail        |    65 |    77 ||   142
       Chain mail        |       |   119 ||   119
Dodge: Dodged            |    41 |    76 ||   117
Block: Shield            |    57 |   162 ||   219

Vault maps used:
D:1:      minmay_arrival_three_doors
D:2:      first_bread
D:3:      marbit_many_paths, nicolae_overflow_crystal_walls,
          kennysheep_generic_room_9
D:4:      kennysheep_generic_room_7
D:5:      elyvilon_altar_4, uniq_eustachio

Table legend:
 A = Turns spent in this place as a percentage of turns spent in the entire game.
 B = Non-inter-level travel turns spent in this place as a percentage of non-inter-level travel turns spent in the entire game.
 C = Inter-level travel turns spent in this place as a percentage of turns spent in this place.
 D = Turns resting spent in this place as a percentage of non-inter-level travel turns spent in this place.
 E = Turns spent auto-exploring this place as a percentage of non-inter-level travel turns spent in this place.
 F = Non-inter-level travel turns spent in this place divided by the number of levels of this place that you've seen.
                   A       B       C       D       E      F
               +-------+-------+-------+-------+-------+----------------------
         Total | 100.0 | 100.0 |   0.5 |   0.9 |  13.0 | 218.0
       Dungeon | 100.0 | 100.0 |   0.5 |   0.9 |  13.0 | 218.0
               +-------+-------+-------+-------+-------+----------------------

Table legend:
 A = Kills in this place as a percentage of kills in entire the game.
 B = Kills by you in this place as a percentage of kills by you in the entire game.
 C = Kills by friends in this place as a percentage of kills by friends in the entire game.
 D = Other kills in this place as a percentage of other kills in the entire game.
 E = Experience gained in this place as a percentage of experience gained in the entire game.
 F = Experience gained in this place divided by the number of levels of this place that you have seen.
                   A       B       C       D       E      F
               +-------+-------+-------+-------+-------+----------------------
         Total | 100.0 | 100.0 |  -nan |  -nan | 100.0 |  66.2
       Dungeon | 100.0 | 100.0 |  -nan |  -nan | 100.0 |  66.2
               +-------+-------+-------+-------+-------+----------------------
